 Dungeon Crawl Stone Soup version 0.27-a0-1196-g3e9cee4cb2 (webtiles) character file.

Game seed: 12847234420189907891

49 Tocho the Skirmisher (level 3, -1/41 HPs)
             Began as an Ogre Berserker on May 30, 2021.
             Was a Believer of Trog.
             Slain by an orc wizard
             ... wielding a +0 dagger
              (3 damage)
             ... on level 2 of the Dungeon.
             The game lasted 00:02:18 (1632 turns).

Tocho the Skirmisher (Ogre Berserker)               Turns: 1632, Time: 00:02:18

Health: -1/41      AC:  3    Str: 22    XL:     3   Next: 75%
Magic:  3/3        EV: 10    Int:  8    God:    Trog [**....]
Gold:   86         SH:  0    Dex:  8    Spells: 2/2 levels left

rFire    . . .     SeeInvis .   f - +0 lajatang
rCold    . . .     Faith    .   (shield currently unavailable)
rNeg     . . .     Spirit   .   b - +0 animal skin
rPois    .         Reflect  .   (helmet restricted)
rElec    .         Harm     .   (no cloak)
rCorr    .         Rampage  .   (gloves unavailable)
Will     .....                  (boots unavailable)
Stlth    +.........             (no amulet)
HPRegen  0.13/turn              (no ring)
MPRegen  0.08/turn              (no ring)

@: on berserk cooldown, slowed, very slow
A: large, unfitting armour, tough skin 1
a: Renounce Religion, Berserk, Trog's Hand


You were on level 2 of the Dungeon.
You worshipped Trog.
Trog was pleased with you.
You visited 1 branch of the dungeon, and saw 2 of its levels.

You collected 86 gold pieces.

Inventory:

Hand Weapons
 a - a +0 hand axe
 f - a +0 lajatang (weapon)
Armour
 b - a +0 animal skin (worn)
Scrolls
 c - 2 scrolls of magic mapping {unknown}
 d - a scroll of identify {unknown}
 e - a scroll of fear {unknown}


   Skills:
 * Level 4.8 Fighting
 - Level 3.5(3.6) Axes
 * Level 0.4(2.2) Polearms
 + Level 0.1(0.3) Staves
 + Level 3.1 Dodging


You had 2 spell levels left.
You didn't know any spells.
Your spell library was empty.

Dungeon Overview and Level Annotations

Branches:
Dungeon (2/15)

Altars:
Zin


Innate Abilities, Weirdness & Mutations

You are too large for most types of armour.
You have tough skin. (AC +1)


Message History

You are too injured to fight recklessly!
You are too injured to fight recklessly!
You are too injured to fight recklessly!
You are too injured to fight recklessly!
You are too injured to fight recklessly!
You are too injured to fight recklessly!
You slash the orc!
You kill the orc!
Trog accepts your kill. The orc closely misses you.
You slash the orc!
You kill the orc!
Trog accepts your kill.
Your life force feels restored.
You barely miss something. Something hits you.
You miss something. Something completely misses you.
You miss something. Something hits you.
You barely miss something. Something hits you.
You miss something. You barely miss the orc. Something hits you.
The orc closely misses you.
You barely miss the orc. Something hits you but does no damage.
The orc hits you with a +2 flail of holy wrath!
* * * LOW HITPOINT WARNING * * *
You slice the orc!!
You kill the orc!
Trog accepts your kill.
You can now call upon Trog for regeneration and willpower.
You are no longer berserk.
You are exhausted.
You feel yourself slow down. Something hits you.
* * * LOW HITPOINT WARNING * * *
You completely miss something.
You hear some strange, mumbled words.
A puff of flame appears from out of thin air!
The puff of flame hits you.
* * * LOW HITPOINT WARNING * * *
Something hits you.
* * * LOW HITPOINT WARNING * * *
You closely miss something. Something hits you.
You die...

.. .^ .# #.# ...$##.# #.#
...=.. #.# ##########.#..
####.#
#..........#.###....#
#........#.....#.##.#
#..........#.#.#.##.#
........##.....#{...# #####
#.......##.#...)@.#.# #...#
#....[..###..#.##.#.###.#.#
#..)....###....##.......#.#
########....#######.#...#.#
# ###.##.........#.#.#.# #
#....#..#####....#...# #
#.####..#####...###### #
#(......#<..#...# #
######.##.#.#...#


There were no monsters in sight!

Vanquished Creatures
  An adder (D:2)
  4 orcs (D:2)
  2 ball pythons
  3 bats (D:2)
  3 endoplasms
  2 giant cockroaches
  3 goblins (D:2)
  4 hobgoblins
  2 quokkas (D:1)
  A frilled lizard (D:2)
  3 kobolds
  3 rats
31 creatures vanquished.

Notes
Turn   | Place    | Note
-------+----------+-------------------------------------------
     0 | D:1      | Tocho the Ogre Berserker began the quest for the Orb.
     0 | D:1      | Reached XP level 1. HP: 24/24 MP: 1/1
   240 | D:1      | Found a faded altar of an unknown god.
   246 | D:1      | Reached XP level 2. HP: 26/32 MP: 2/2
   441 | D:1      | You fall into a shaft and drop 1 floor!
   990 | D:2      | Reached XP level 3. HP: 35/35 MP: 3/3
  1430 | D:2      | Reached ** piety under Trog
  1432 | D:2      | Found a glowing silver altar of Zin.
  1631 | D:2      | HP: 2/41 [something (1)]
  1632 | D:2      | Slain by an orc wizard

Illustrated notes

Levels and vault maps discovered:
D:1:      dpeg_arrival_short_road, layout_rooms, basic_ecumenical_altar
D:2:      layout_basic, basic_altar

Skill      XL: |  1  2 |
---------------+-------+-----
Dodging        | 3 |  3.1
Fighting       | |  4.8
Axes           | |  3.5
Polearms       | |  0.4
Staves         | |  0.1

Action                   || total
-------------------------++-------
Melee: Hand axe          ||   102
       Lajatang          ||    36
Invok: Berserk           ||     1
Armor: Animal skin       ||    39
Dodge: Dodged            ||    97

Table legend: (Time is in decaauts)
 A = Elapsed time spent in this place.
 B = Non-inter-level travel time spent in this place.
 C = Inter-level travel time spent in this place.
 D = Time resting spent in this place.
 E = Time spent auto-exploring this place.
 F = Levels seen in this place.
 G = Mean time per level.
                   A        B        C        D        E       F      G
               +--------+--------+--------+--------+--------+-----+--------+
         Total |   1654 |   1654 |      0 |      0 |   1372 |   2 |  827.0 |
       Dungeon |   1654 |   1654 |      0 |      0 |   1372 |   2 |  827.0 |
               +--------+--------+--------+--------+--------+-----+--------+

Top non-repeatable levels by time:
     D:2: 1207 daAuts
     D:1: 446 daAuts
